Gangsters vs Atomiques
Created - 10 septembre 2014 at 19:29
Simulating a Pre-Season
Goals
|
| Gangsters |
1 |
3 |
0 |
4 |
| Atomiques |
0 |
3 |
3 |
6 |
|
Shots
|
| Gangsters |
7 |
16 |
11 |
34 |
| Atomiques |
10 |
13 |
20 |
43 |
|
1st period
1. Gangsters , Ville Koistinen 1 (Alexandre Bolduc, Igor Radulov) at 13:40
Penalties :
Davis Drewiske (STB) for High sticking (Minor) at 3:50, Jakob Silfverberg (Bro) for Hooking (Minor) at 7:01, Richard Panik (Bro) for Hooking (Minor) at 18:46
2nd period
2. Atomiques , Victor Hedman 1 (Jarret Stoll, Linus Omark) at 0:16 (PP)
3. Gangsters , Alexandre Bolduc 1 (Jakob Silfverberg, Bryan Young) at 1:03 (PP)
4. Gangsters , Igor Radulov 1 (Jakob Silfverberg, Alexandre Bolduc) at 4:24
5. Gangsters , Artem Anisimov 1 (Jaroslav Balastik, Bryan Young) at 9:36
6. Atomiques , John Zeiler 1 (Logan Couture, Davis Drewiske) at 11:13
7. Atomiques , Davis Drewiske 1 (John Carlson) at 11:51
Penalties :
Linus Omark (STB) for Roughing (Minor) at 0:48, Richard Panik (Bro) for Hooking (Minor) at 13:45
3rd period
8. Atomiques , Marc-André Cliche 1 (John Carlson, Linus Omark) at 1:37
9. Atomiques , Alexandre Daigle 3 (Jarret Stoll) at 1:41 (PP)
10. Atomiques , Victor Hedman 2 (John Carlson, Linus Omark) at 1:49 (PP)
Penalties :
Artem Anisimov (Bro) for Checking from behind (Major) at 1:40, John Carlson (STB) for Hooking (Minor) at 8:26, John Carlson (STB) for Roughing (Minor) at 15:28
Goalie Stats
David LeNeveu (Bro), 37 saves from 43 shots - (0,860), L, 0-1-0, 60:00 minutes
Alex Auld (STB), 15 saves from 19 shots - (0,789), 29:36 minutes
Curtis McElhinney (STB), 15 saves from 15 shots - (1,000), W, 2-0-0, 30:24 minutes
Players Stats for Gangsters
Player Name G A P +/- PIM S H SB GA TA FO MP PP MP PK MP
------------------------------------------------------------------------------------
Alexandre Bolduc 1 2 3 1 0 4 1 2 0 0 18/35 18:13 3:32 0:28
Artem Anisimov 1 0 1 1 5 1 0 0 0 0 6/12 13:26 2:36 0:00
Brock Bradford 0 0 0 -2 0 2 5 1 0 0 1/3 12:45 0:00 2:15
Bryan Young 0 2 2 1 0 0 1 1 0 1 0/0 28:22 3:09 5:42
Chris Bourque 0 0 0 -2 0 4 1 0 0 0 0/0 12:46 0:08 2:07
Colten Teubert 0 0 0 -1 0 1 0 0 0 0 0/0 21:06 2:59 4:12
Dave Dziurzynski 0 0 0 0 0 0 1 0 0 0 0/0 7:40 0:00 0:00
Igor Radulov 1 1 2 1 0 5 2 0 0 0 4/11 23:01 3:32 5:13
Jakob Silfverberg 0 2 2 1 2 4 1 1 1 0 1/2 20:19 3:32 2:31
Jaroslav Balastik 0 1 1 1 0 3 2 0 2 2 0/0 18:45 2:36 5:12
Matt Delahey 0 0 0 0 0 0 0 0 1 1 0/0 10:32 0:04 0:33
Maxime Sauvé 0 0 0 0 0 2 2 0 1 0 2/4 7:40 0:00 0:00
Michael Sdao 0 0 0 0 0 0 0 0 0 0 0/0 10:15 0:00 0:33
Mikko Lehtonen 0 0 0 -2 0 0 0 0 0 0 1/1 10:31 0:04 0:00
Richard Panik 0 0 0 1 4 0 0 0 0 0 0/2 13:31 2:36 0:00
Ryan Keller 0 0 0 0 0 3 3 0 1 2 0/0 10:52 0:00 3:08
Shaun Heska 0 0 0 -1 0 2 2 0 0 0 0/0 21:06 2:59 4:12
Ville Koistinen 1 0 1 1 0 3 3 1 1 1 0/0 28:39 3:13 5:42
Players Stats for Atomiques
Player Name G A P +/- PIM S H SB GA TA FO MP PP MP PK MP
------------------------------------------------------------------------------------
Alexandre Daigle 1 0 1 -1 0 5 0 0 0 0 3/4 23:01 5:02 3:33
Andrew Kozek 0 0 0 1 0 2 4 0 0 0 0/0 17:04 4:28 0:59
Anthony Nigro 0 0 0 0 0 0 0 0 0 0 0/0 0:00 0:00 0:00
Brett Sutter 0 0 0 0 0 0 0 0 0 0 0/0 0:32 0:23 0:08
Casey Borer 0 0 0 0 0 0 1 0 0 2 0/0 11:02 0:47 0:42
Clayton Stoner 0 0 0 1 0 3 0 1 0 1 0/0 20:52 4:06 2:39
Davis Drewiske 1 1 2 1 2 3 1 1 1 0 0/0 19:17 4:06 1:16
Drew Larman 0 0 0 0 0 0 0 0 0 0 0/0 0:00 0:00 0:00
Jarret Stoll 0 2 2 -1 0 3 2 0 1 0 18/36 22:57 5:04 3:28
John Carlson 0 3 3 -1 4 2 3 2 1 2 0/0 24:17 5:34 1:33
John McCarthy 0 0 0 1 0 1 0 0 0 0 0/0 6:22 0:00 0:00
John Zeiler 1 0 1 1 0 4 2 1 0 0 0/0 17:55 4:28 1:34
Kenndal McArdle 0 0 0 -1 0 1 1 0 0 0 0/0 10:40 0:00 0:00
Linus Omark 0 3 3 -1 2 3 0 2 1 0 0/2 21:16 5:02 1:34
Logan Couture 0 1 1 1 0 1 3 0 0 0 13/21 16:05 4:28 0:00
Mac Bennett 0 0 0 0 0 0 0 0 0 0 0/0 6:23 0:47 0:00
Marc-André Cliche 1 0 1 1 0 2 0 0 0 0 2/4 6:22 0:00 0:00
Mike Halmo 0 0 0 0 0 0 0 0 0 0 0/0 0:23 0:23 0:00
Mitch Callahan 0 0 0 0 0 0 0 0 0 0 0/0 0:53 0:53 0:00
Nick Johnson 0 0 0 1 0 1 0 0 0 0 0/0 7:30 0:00 1:08
Roman Polak 0 0 0 0 0 0 1 0 0 0 0/0 2:11 0:00 0:07
Ryan Shannon 0 0 0 -1 0 3 1 0 2 1 0/0 11:15 0:35 0:00
Scott Jackson 0 0 0 0 0 0 0 0 0 1 0/0 10:07 0:00 2:34
Tyler Brenner 0 0 0 -1 0 5 1 1 0 0 1/3 11:15 0:35 0:00
Victor Hedman 2 0 2 -1 0 4 2 3 1 0 0/0 26:05 5:34 3:33
3 Stars
1 - Alexandre Bolduc (Bro)
2 - Victor Hedman (STB)
3 - Igor Radulov (Bro)
Power Play
Gangsters - 1 on 4 Attempt(s) - 25,00%
Atomiques - 3 on 4 Attempt(s) - 75,00%
Penalty Kill
Gangsters - 1 on 4 Attempt(s) - 25,00%
- Score 0 goal in Penalty Kill
Atomiques - 3 on 4 Attempt(s) - 75,00%
- Score 0 goal in Penalty Kill
Official
Referees : Hebert Ghislain and Pochmara Brian
Linesman : Mark Shewchyk and David Brisebois
Game Notes
Roman Polak is injured at 13:27 of 1st period (Upper Body)
Curtis McElhinney enters game at 9:36 of 2nd period
Gangsters
5 vs 5 Forward
Center Left Wing Right Wing Time % Phy DF OF
1 Alexandre Bolduc Igor Radulov Jakob Silfverberg 40 1 2 2
2 Artem Anisimov Jaroslav Balastik Richard Panik 30 1 2 2
3 Brock Bradford Chris Bourque Mikko Lehtonen 20 1 2 2
4 Maxime Sauvé Dave Dziurzynski Ryan Keller 10 1 2 2
5 vs 5 Defense
Defense Defense Time % Phy DF OF
1 Ville Koistinen Bryan Young 40 1 2 2
2 Shaun Heska Colten Teubert 30 1 2 2
3 Matt Delahey Michael Sdao 20 1 2 2
4 Ville Koistinen Bryan Young 10 1 2 2
PowerPlay Forward
Center Left Wing Right Wing Time % Phy DF OF
1 Alexandre Bolduc Igor Radulov Jakob Silfverberg 60 1 2 2
2 Artem Anisimov Jaroslav Balastik Richard Panik 40 1 2 2
PowerPlay Defense
Defense Defense Time % Phy DF OF
1 Ville Koistinen Bryan Young 60 1 2 2
2 Shaun Heska Colten Teubert 40 1 2 2
Penalty Kill 4 Players Forward
Center Wing Time % Phy DF OF
1 Igor Radulov Jaroslav Balastik 60 1 2 2
2 Jakob Silfverberg Ryan Keller 40 1 2 2
Penalty Kill 4 Players Defense
Defense Defense Time % Phy DF OF
1 Ville Koistinen Bryan Young 60 1 2 2
2 Shaun Heska Colten Teubert 40 1 2 2
Penalty Kill - 3 Players Forward
Forward Time % Phy DF OF
1 Igor Radulov 60 1 2 2
2 Jaroslav Balastik 40 1 2 2
Penalty Kill - 3 Players Defense
Defense Defense Time % Phy DF OF
1 Ville Koistinen Bryan Young 60 1 2 2
2 Shaun Heska Colten Teubert 40 1 2 2
4 vs 4 Forward
Center Wing Time % Phy DF OF
1 Igor Radulov Jaroslav Balastik 60 1 2 2
2 Jakob Silfverberg Ryan Keller 40 1 2 2
4 vs 4 Defense
Defense Defense Time % Phy DF OF
1 Ville Koistinen Bryan Young 60 1 2 2
2 Shaun Heska Colten Teubert 40 1 2 2
Last Minutes Offensive
Center Left Wing Right Wing Defense Defense
Alexandre Bolduc Igor Radulov Jakob Silfverberg Ville Koistinen Bryan Young
Last Minutes Defensive
Center Left Wing Right Wing Defense Defense
Alexandre Bolduc Igor Radulov Jakob Silfverberg Ville Koistinen Bryan Young
Goaltenders
Starting : David LeNeveu
Backup : Dustin Tokarski
Extra Forwards
Normal : Chris Bourque, Mikko Lehtonen, Brock Bradford - PP : Chris Bourque, Mikko Lehtonen - PK : Brock Bradford
Extra Defensemen
Normal : Matt Delahey, Michael Sdao, Shaun Heska - PP : Matt Delahey - PK : Michael Sdao, Shaun Heska
Penalty Shots
Igor Radulov, Jaroslav Balastik, Jakob Silfverberg, Ryan Keller, Chris Bourque
Atomiques
5 vs 5 Forward
Center Left Wing Right Wing Time % Phy DF OF
1 Jarret Stoll Linus Omark Alexandre Daigle 40 1 2 2
2 Logan Couture Andrew Kozek John Zeiler 30 1 2 2
3 Tyler Brenner Kenndal McArdle Ryan Shannon 20 1 2 2
4 Marc-André Cliche John McCarthy Nick Johnson 10 1 2 2
5 vs 5 Defense
Defense Defense Time % Phy DF OF
1 John Carlson Victor Hedman 40 1 2 2
2 Davis Drewiske Clayton Stoner 30 1 2 2
3 Casey Borer Scott Jackson 20 1 2 2
4 Roman Polak Mac Bennett 10 1 2 2
PowerPlay Forward
Center Left Wing Right Wing Time % Phy DF OF
1 Jarret Stoll Linus Omark Alexandre Daigle 60 1 2 2
2 Logan Couture Andrew Kozek John Zeiler 40 1 2 2
PowerPlay Defense
Defense Defense Time % Phy DF OF
1 John Carlson Victor Hedman 60 1 2 2
2 Davis Drewiske Clayton Stoner 40 1 2 2
Penalty Kill 4 Players Forward
Center Wing Time % Phy DF OF
1 Jarret Stoll Alexandre Daigle 60 1 2 2
2 Linus Omark John Zeiler 40 1 2 2
Penalty Kill 4 Players Defense
Defense Defense Time % Phy DF OF
1 John Carlson Victor Hedman 60 1 2 2
2 Davis Drewiske Clayton Stoner 40 1 2 2
Penalty Kill - 3 Players Forward
Forward Time % Phy DF OF
1 Jarret Stoll 60 1 2 2
2 Alexandre Daigle 40 1 2 2
Penalty Kill - 3 Players Defense
Defense Defense Time % Phy DF OF
1 John Carlson Victor Hedman 60 1 2 2
2 Davis Drewiske Clayton Stoner 40 1 2 2
4 vs 4 Forward
Center Wing Time % Phy DF OF
1 Jarret Stoll Alexandre Daigle 60 1 2 2
2 Linus Omark John Zeiler 40 1 2 2
4 vs 4 Defense
Defense Defense Time % Phy DF OF
1 John Carlson Victor Hedman 60 1 2 2
2 Davis Drewiske Clayton Stoner 40 1 2 2
Last Minutes Offensive
Center Left Wing Right Wing Defense Defense
Jarret Stoll Linus Omark Alexandre Daigle John Carlson Victor Hedman
Last Minutes Defensive
Center Left Wing Right Wing Defense Defense
Jarret Stoll Linus Omark Alexandre Daigle John Carlson Victor Hedman
Goaltenders
Starting : Alex Auld
Backup : Curtis McElhinney
Extra Forwards
Normal : Ryan Shannon, Tyler Brenner, Nick Johnson - PP : Ryan Shannon, Tyler Brenner - PK : Nick Johnson
Extra Defensemen
Normal : Casey Borer, Scott Jackson, Roman Polak - PP : Casey Borer - PK : Scott Jackson, Roman Polak
Penalty Shots
Jarret Stoll, Alexandre Daigle, Linus Omark, John Zeiler, Logan Couture
% Time on Ice - Gangsters
Lines # - Real PCT - Wanted PCT - Time Play
Normal Forward
1 - 33% - 40% - 14:20
2 - 25% - 30% - 10:54
3 - 24% - 20% - 10:27
4 - 18% - 10% - 7:40
Normal Defense
1 - 41% - 40% - 17:45
2 - 32% - 30% - 13:55
3 - 22% - 20% - 9:42
4 - 5% - 10% - 1:59
PP Forward
1 - 58% - 60% - 3:36
2 - 42% - 40% - 2:36
PP Defense
1 - 52% - 60% - 3:13
2 - 48% - 40% - 2:59
PK Forward
1 - 70% - 60% - 7:19
2 - 30% - 40% - 3:08
PK Defense
1 - 60% - 60% - 6:15
2 - 40% - 40% - 4:12
PK3 Forward
1 - 0% - 60%
2 - 0% - 40%
PK3 Defense
1 - 0% - 60%
2 - 0% - 40%
44 Forward
1 - 0% - 60%
2 - 0% - 40%
44 Defense
1 - 0% - 60%
2 - 0% - 40%
Last Minute Offensive - 0:00
Last Minute Defensive - 0:00
Total
Forward - 60:00
Defense - 60:00
|
% Time on Ice - Atomiques
Lines # - Real PCT - Wanted PCT - Time Play
Normal Forward
1 - 33% - 40% - 14:26
2 - 27% - 30% - 11:53
3 - 25% - 20% - 10:40
4 - 15% - 10% - 6:22
Normal Defense
1 - 40% - 40% - 17:12
2 - 32% - 30% - 13:53
3 - 15% - 20% - 6:40
4 - 13% - 10% - 5:36
PP Forward
1 - 57% - 60% - 5:59
2 - 43% - 40% - 4:28
PP Defense
1 - 61% - 60% - 6:21
2 - 39% - 40% - 4:06
PK Forward
1 - 75% - 60% - 4:38
2 - 25% - 40% - 1:34
PK Defense
1 - 69% - 60% - 4:15
2 - 31% - 40% - 1:57
PK3 Forward
1 - 0% - 60%
2 - 0% - 40%
PK3 Defense
1 - 0% - 60%
2 - 0% - 40%
44 Forward
1 - 0% - 60%
2 - 0% - 40%
44 Defense
1 - 0% - 60%
2 - 0% - 40%
Last Minute Offensive - 0:00
Last Minute Defensive - 0:00
Total
Forward - 60:00
Defense - 60:00
|
Play by Play
1st period
0:01 of 1st period - Jarret Stoll wins face-off versus Alexandre Bolduc in neutral zone.
0:26 of 1st period - Bryan Young is hit by John Carlson and loses puck.
0:42 of 1st period - Icing by Andrew Kozek.
0:43 of 1st period - Logan Couture wins face-off versus Brock Bradford in Atomiques zone.
0:43 of 1st period - Logan Couture is hit by Chris Bourque.
0:51 of 1st period - Brock Bradford is hit by Kenndal McArdle and loses puck.
2:45 of 1st period - Snap shot by Ryan Keller.
2:45 of 1st period - Stopped by Alex Auld without a rebound.
2:46 of 1st period - Alexandre Bolduc wins face-off versus Jarret Stoll in Atomiques zone.
3:50 of 1st period - Minor Penalty to Davis Drewiske for High sticking.
3:51 of 1st period - Jarret Stoll wins face-off versus Alexandre Bolduc in Atomiques zone.
4:03 of 1st period - Icing by Jakob Silfverberg.
4:04 of 1st period - Jarret Stoll wins face-off versus Alexandre Bolduc in Gangsters zone.
4:13 of 1st period - Backhand shot by Alexandre Daigle.
4:13 of 1st period - Stopped by David LeNeveu without a rebound.
4:14 of 1st period - Alexandre Bolduc wins face-off versus Jarret Stoll in Gangsters zone.
4:18 of 1st period - Off-side.
4:19 of 1st period - Jarret Stoll wins face-off versus Alexandre Bolduc in neutral zone.
4:56 of 1st period - Snap shot by John Zeiler.
4:56 of 1st period - Shot Misses the Net.
5:50 of 1st period - Penalty to Davis Drewiske is over, Davis Drewiske is back on ice.
5:56 of 1st period - Mikko Lehtonen is hit by Tyler Brenner and loses puck.
6:02 of 1st period - Off-side.
6:03 of 1st period - Maxime Sauvé wins face-off versus Tyler Brenner in neutral zone.
6:08 of 1st period - Mac Bennett is hit by Dave Dziurzynski and loses puck.
6:19 of 1st period - Wrist shot by Ryan Shannon.
6:19 of 1st period - Stopped by David LeNeveu with a rebound.
6:21 of 1st period - Snap shot by Kenndal McArdle.
6:21 of 1st period - Shot Hit the Post.
6:23 of 1st period - Wrist shot by Tyler Brenner.
6:23 of 1st period - Stopped by David LeNeveu with a rebound.
6:31 of 1st period - Snap shot by Tyler Brenner.
6:31 of 1st period - Stopped by David LeNeveu with a rebound.
6:39 of 1st period - Wrist shot by Ryan Shannon.
6:39 of 1st period - Stopped by David LeNeveu without a rebound.
6:40 of 1st period - Jarret Stoll wins face-off versus Alexandre Bolduc in Gangsters zone.
7:01 of 1st period - Minor Penalty to Jakob Silfverberg for Hooking.
7:02 of 1st period - Jarret Stoll wins face-off versus Igor Radulov in Gangsters zone.
7:09 of 1st period - Wrist shot by Jarret Stoll.
7:09 of 1st period - Stopped by David LeNeveu with a rebound.
7:11 of 1st period - Snap shot by Linus Omark.
7:11 of 1st period - Stopped by David LeNeveu with a rebound.
7:27 of 1st period - Igor Radulov is hit by Victor Hedman and loses puck.
8:16 of 1st period - Alexandre Daigle is hit by Brock Bradford and loses puck.
9:01 of 1st period - Penalty to Jakob Silfverberg is over, Jakob Silfverberg is back on ice.
10:20 of 1st period - Wrist shot by Igor Radulov.
10:20 of 1st period - Stopped by Alex Auld with a rebound.
10:32 of 1st period - Bryan Young is hit by Roman Polak and loses puck.
10:43 of 1st period - Tyler Brenner is hit by Jaroslav Balastik and loses puck.
11:10 of 1st period - Snap shot by Ryan Keller.
11:10 of 1st period - Stopped by Alex Auld with a rebound.
11:52 of 1st period - Snap shot by Brock Bradford.
11:52 of 1st period - Shot Misses the Net.
12:20 of 1st period - Snap shot by Ryan Keller.
12:20 of 1st period - Shot Misses the Net.
12:51 of 1st period - Snap shot by Jaroslav Balastik.
12:51 of 1st period - Shot Blocked by Victor Hedman.
13:11 of 1st period - Jakob Silfverberg is hit by Jarret Stoll and loses puck.
13:26 of 1st period - Roman Polak is hit by Ryan Keller and loses puck.
13:27 of 1st period - Roman Polak from Atomiques is injured at 13:27 of 1st period (Upper Body).
13:28 of 1st period - Alexandre Bolduc wins face-off versus Jarret Stoll in Atomiques zone.
13:38 of 1st period - Slapshot by Alexandre Bolduc.
13:38 of 1st period - Shot Misses the Net.
13:40 of 1st period - Slapshot by Ville Koistinen.
13:40 of 1st period - Goal by Ville Koistinen - Gangsters : 1 - Atomiques : 0.
13:41 of 1st period - Alexandre Bolduc wins face-off versus Jarret Stoll in neutral zone.
13:44 of 1st period - Linus Omark is hit by Igor Radulov and loses puck.
13:53 of 1st period - Wrist shot by Linus Omark.
13:53 of 1st period - Shot Blocked by Alexandre Bolduc.
14:23 of 1st period - Icing by Bryan Young.
14:24 of 1st period - Artem Anisimov wins face-off versus Tyler Brenner in Gangsters zone.
14:29 of 1st period - Snap shot by Jakob Silfverberg.
14:29 of 1st period - Shot Hit the Post.
14:31 of 1st period - Snap shot by Igor Radulov.
14:31 of 1st period - Shot Misses the Net.
14:33 of 1st period - Snap shot by Alexandre Bolduc.
14:33 of 1st period - Deflect By Victor Hedman.
14:33 of 1st period - Stopped by Alex Auld with a rebound.
14:35 of 1st period - Wrist shot by Jakob Silfverberg.
14:35 of 1st period - Stopped by Alex Auld without a rebound.
14:36 of 1st period - Alexandre Bolduc wins face-off versus Linus Omark in Atomiques zone.
14:41 of 1st period - Wrist shot by Igor Radulov.
14:41 of 1st period - Shot Misses the Net.
14:48 of 1st period - Off-side.
14:49 of 1st period - Alexandre Bolduc wins face-off versus Jarret Stoll in neutral zone.
14:59 of 1st period - Slapshot by Victor Hedman.
14:59 of 1st period - Shot Blocked by Alexandre Bolduc.
15:01 of 1st period - Slapshot by John Carlson.
15:01 of 1st period - Deflect By Linus Omark.
15:01 of 1st period - Shot Misses the Net.
15:01 of 1st period - Puck is out of play.
15:02 of 1st period - Jarret Stoll wins face-off versus Alexandre Bolduc in Gangsters zone.
15:19 of 1st period - Igor Radulov is hit by Jarret Stoll.
15:20 of 1st period - Icing by Igor Radulov.
15:21 of 1st period - Alexandre Bolduc wins face-off versus Logan Couture in Gangsters zone.
15:27 of 1st period - Clayton Stoner is hit by Jakob Silfverberg and loses puck.
15:32 of 1st period - Slapshot by Jakob Silfverberg.
15:32 of 1st period - Shot Blocked by Clayton Stoner.
15:34 of 1st period - Snap shot by Igor Radulov.
15:34 of 1st period - Stopped by Alex Auld without a rebound.
15:35 of 1st period - Artem Anisimov wins face-off versus Alexandre Daigle in Atomiques zone.
16:00 of 1st period - Igor Radulov is hit by Andrew Kozek and loses puck.
16:43 of 1st period - Jaroslav Balastik is hit by Ryan Shannon and loses puck.
16:59 of 1st period - Icing by Casey Borer.
17:00 of 1st period - Jarret Stoll wins face-off versus Maxime Sauvé in Atomiques zone.
17:25 of 1st period - Alexandre Daigle is hit by Maxime Sauvé and loses puck.
17:36 of 1st period - Jarret Stoll is hit by Maxime Sauvé and loses puck.
17:52 of 1st period - Icing by Jarret Stoll.
17:53 of 1st period - Alexandre Daigle wins face-off versus Alexandre Bolduc in Atomiques zone.
17:58 of 1st period - Wrist shot by Linus Omark.
17:58 of 1st period - Stopped by David LeNeveu without a rebound.
17:59 of 1st period - Logan Couture wins face-off versus Igor Radulov in Gangsters zone.
18:02 of 1st period - Slapshot by Logan Couture.
18:02 of 1st period - Stopped by David LeNeveu without a rebound.
18:03 of 1st period - Alexandre Bolduc wins face-off versus Logan Couture in Gangsters zone.
18:03 of 1st period - Alexandre Bolduc is hit by Andrew Kozek.
18:20 of 1st period - Wrist shot by Alexandre Bolduc.
18:20 of 1st period - Shot Blocked by Victor Hedman.
18:24 of 1st period - Snap shot by Igor Radulov.
18:24 of 1st period - Deflect By John Carlson.
18:24 of 1st period - Shot Blocked by John Zeiler.
18:24 of 1st period - Puck is out of play.
18:25 of 1st period - Artem Anisimov wins face-off versus Jarret Stoll in Atomiques zone.
18:38 of 1st period - Slapshot by Alexandre Daigle.
18:38 of 1st period - Shot Misses the Net.
18:40 of 1st period - Wrist shot by Davis Drewiske.
18:40 of 1st period - Stopped by David LeNeveu with a rebound.
18:46 of 1st period - Minor Penalty to Richard Panik for Hooking.
18:47 of 1st period - Jarret Stoll wins face-off versus Igor Radulov in Gangsters zone.
19:56 of 1st period - Icing by Davis Drewiske.
19:57 of 1st period - Igor Radulov wins face-off versus Logan Couture in Atomiques zone.
Goals for this period are 1 for Gangsters vs 0 for Atomiques.
Shots for this period are 7 for Gangsters vs 10 for Atomiques.
2nd period
0:01 of 2nd period - Igor Radulov wins face-off versus Jarret Stoll in neutral zone.
0:12 of 2nd period - Snap shot by Victor Hedman.
0:12 of 2nd period - Shot Misses the Net.
0:14 of 2nd period - Snap shot by Jarret Stoll.
0:14 of 2nd period - Stopped by David LeNeveu with a rebound.
0:16 of 2nd period - Wrist shot by Victor Hedman.
0:16 of 2nd period - Goal by Victor Hedman - Gangsters : 1 - Atomiques : 1.
0:17 of 2nd period - Alexandre Bolduc wins face-off versus Logan Couture in neutral zone.
0:20 of 2nd period - John Carlson is hit by Alexandre Bolduc and loses puck.
0:27 of 2nd period - Snap shot by Alexandre Bolduc.
0:27 of 2nd period - Shot Misses the Net.
0:43 of 2nd period - Ville Koistinen is hit by John Carlson.
0:48 of 2nd period - Minor Penalty to Linus Omark for Roughing.
0:49 of 2nd period - Alexandre Daigle wins face-off versus Alexandre Bolduc in Atomiques zone.
1:03 of 2nd period - Slapshot by Alexandre Bolduc.
1:03 of 2nd period - Goal by Alexandre Bolduc - Gangsters : 2 - Atomiques : 1.
1:04 of 2nd period - Alexandre Bolduc wins face-off versus Jarret Stoll in neutral zone.
1:09 of 2nd period - Wrist shot by Igor Radulov.
1:09 of 2nd period - Shot Blocked by Victor Hedman.
1:11 of 2nd period - Slapshot by Ville Koistinen.
1:11 of 2nd period - Stopped by Alex Auld without a rebound.
1:12 of 2nd period - Jarret Stoll wins face-off versus Igor Radulov in Atomiques zone.
1:25 of 2nd period - Snap shot by Jakob Silfverberg.
1:25 of 2nd period - Stopped by Alex Auld with a rebound.
2:08 of 2nd period - Wrist shot by Jakob Silfverberg.
2:08 of 2nd period - Deflect By Igor Radulov.
2:08 of 2nd period - Shot Blocked by Linus Omark.
2:08 of 2nd period - Puck is out of play.
2:09 of 2nd period - Logan Couture wins face-off versus Artem Anisimov in Atomiques zone.
2:17 of 2nd period - Icing by Artem Anisimov.
2:18 of 2nd period - Artem Anisimov wins face-off versus Logan Couture in Gangsters zone.
2:18 of 2nd period - Artem Anisimov is hit by Logan Couture.
2:26 of 2nd period - Icing by John Zeiler.
2:27 of 2nd period - Logan Couture wins face-off versus Artem Anisimov in Atomiques zone.
2:36 of 2nd period - Slapshot by John Zeiler.
2:36 of 2nd period - Stopped by David LeNeveu with a rebound.
2:52 of 2nd period - Jarret Stoll is hit by Brock Bradford.
3:23 of 2nd period - Snap shot by Alexandre Bolduc.
3:23 of 2nd period - Stopped by Alex Auld without a rebound.
3:24 of 2nd period - Logan Couture wins face-off versus Artem Anisimov in Atomiques zone.
3:37 of 2nd period - Slapshot by John Carlson.
3:37 of 2nd period - Stopped by David LeNeveu without a rebound.
3:38 of 2nd period - Alexandre Bolduc wins face-off versus Jarret Stoll in Gangsters zone.
3:51 of 2nd period - Wrist shot by Jarret Stoll.
3:51 of 2nd period - Shot Misses the Net.
4:10 of 2nd period - Snap shot by Logan Couture.
4:10 of 2nd period - Shot Misses the Net.
4:12 of 2nd period - Snap shot by Andrew Kozek.
4:12 of 2nd period - Shot Misses the Net.
4:14 of 2nd period - Slapshot by Clayton Stoner.
4:14 of 2nd period - Stopped by David LeNeveu without a rebound.
4:15 of 2nd period - Jakob Silfverberg wins face-off versus Jarret Stoll in Gangsters zone.
4:22 of 2nd period - Slapshot by Jakob Silfverberg.
4:22 of 2nd period - Stopped by Alex Auld without a rebound.
4:23 of 2nd period - Alexandre Bolduc wins face-off versus Jarret Stoll in Atomiques zone.
4:24 of 2nd period - Wrist shot by Jakob Silfverberg.
4:24 of 2nd period - Deflect By Igor Radulov.
4:24 of 2nd period - Goal by Igor Radulov - Gangsters : 3 - Atomiques : 1.
4:25 of 2nd period - Logan Couture wins face-off versus Artem Anisimov in neutral zone.
4:59 of 2nd period - Icing by Bryan Young.
5:00 of 2nd period - Artem Anisimov wins face-off versus Jarret Stoll in Gangsters zone.
5:09 of 2nd period - Snap shot by Artem Anisimov.
5:09 of 2nd period - Shot Blocked by Davis Drewiske.
5:11 of 2nd period - Wrist shot by Jaroslav Balastik.
5:11 of 2nd period - Shot Blocked by Linus Omark.
5:13 of 2nd period - Wrist shot by Ville Koistinen.
5:13 of 2nd period - Deflect By Jaroslav Balastik.
5:13 of 2nd period - Stopped by Alex Auld with a rebound.
5:15 of 2nd period - Slapshot by Jaroslav Balastik.
5:15 of 2nd period - Stopped by Alex Auld without a rebound.
5:16 of 2nd period - Logan Couture wins face-off versus Alexandre Bolduc in Atomiques zone.
6:11 of 2nd period - Wrist shot by Ryan Shannon.
6:11 of 2nd period - Shot Misses the Net.
6:25 of 2nd period - Slapshot by John Carlson.
6:25 of 2nd period - Deflect By Logan Couture.
6:25 of 2nd period - Shot Misses the Net.
6:25 of 2nd period - Puck is out of play.
6:26 of 2nd period - Logan Couture wins face-off versus Artem Anisimov in Gangsters zone.
7:22 of 2nd period - Kenndal McArdle is hit by Ryan Keller and loses puck.
8:21 of 2nd period - Snap shot by Alexandre Daigle.
8:21 of 2nd period - Shot Misses the Net.
8:23 of 2nd period - Snap shot by Alexandre Daigle.
8:23 of 2nd period - Stopped by David LeNeveu without a rebound.
8:24 of 2nd period - Alexandre Bolduc wins face-off versus Jarret Stoll in Gangsters zone.
8:33 of 2nd period - Wrist shot by Jakob Silfverberg.
8:33 of 2nd period - Stopped by Alex Auld with a rebound.
8:39 of 2nd period - Wrist shot by Jakob Silfverberg.
8:39 of 2nd period - Shot Misses the Net.
8:41 of 2nd period - Snap shot by Igor Radulov.
8:41 of 2nd period - Stopped by Alex Auld without a rebound.
8:42 of 2nd period - Logan Couture wins face-off versus Richard Panik in Atomiques zone.
8:49 of 2nd period - Slapshot by Victor Hedman.
8:49 of 2nd period - Deflect By Ville Koistinen.
8:49 of 2nd period - Stopped by David LeNeveu with a rebound.
9:01 of 2nd period - Richard Panik is hit by John Carlson and loses puck.
9:14 of 2nd period - Snap shot by John Carlson.
9:14 of 2nd period - Stopped by David LeNeveu with a rebound.
9:34 of 2nd period - Snap shot by Jaroslav Balastik.
9:34 of 2nd period - Stopped by Alex Auld with a rebound.
9:36 of 2nd period - Snap shot by Artem Anisimov.
9:36 of 2nd period - Goal by Artem Anisimov - Gangsters : 4 - Atomiques : 1.
9:36 of 2nd period - Curtis McElhinney enters game.
9:37 of 2nd period - Jarret Stoll wins face-off versus Alexandre Bolduc in neutral zone.
10:02 of 2nd period - Brock Bradford is hit by Davis Drewiske and loses puck.
10:11 of 2nd period - Snap shot by John Zeiler.
10:11 of 2nd period - Stopped by David LeNeveu with a rebound.
10:13 of 2nd period - Snap shot by John Zeiler.
10:13 of 2nd period - Deflect By Andrew Kozek.
10:13 of 2nd period - Stopped by David LeNeveu without a rebound.
10:14 of 2nd period - Jarret Stoll wins face-off versus Alexandre Bolduc in Gangsters zone.
10:17 of 2nd period - Slapshot by Linus Omark.
10:17 of 2nd period - Deflect By Igor Radulov.
10:17 of 2nd period - Stopped by David LeNeveu with a rebound.
10:45 of 2nd period - Icing by Colten Teubert.
10:46 of 2nd period - Mikko Lehtonen wins face-off versus Logan Couture in Gangsters zone.
11:13 of 2nd period - Slapshot by John Zeiler.
11:13 of 2nd period - Goal by John Zeiler - Gangsters : 4 - Atomiques : 2.
11:14 of 2nd period - Alexandre Bolduc wins face-off versus Jarret Stoll in neutral zone.
11:51 of 2nd period - Backhand shot by Davis Drewiske.
11:51 of 2nd period - Goal by Davis Drewiske - Gangsters : 4 - Atomiques : 3.
11:52 of 2nd period - Alexandre Bolduc wins face-off versus Logan Couture in neutral zone.
11:57 of 2nd period - Snap shot by Igor Radulov.
11:57 of 2nd period - Shot Blocked by John Carlson.
11:59 of 2nd period - Wrist shot by Jakob Silfverberg.
11:59 of 2nd period - Shot Misses the Net.
12:01 of 2nd period - Slapshot by Ville Koistinen.
12:01 of 2nd period - Shot Misses the Net.
12:03 of 2nd period - Snap shot by Jakob Silfverberg.
12:03 of 2nd period - Shot Misses the Net.
12:05 of 2nd period - Snap shot by Igor Radulov.
12:05 of 2nd period - Shot Blocked by John Carlson.
12:40 of 2nd period - Tyler Brenner is hit by Brock Bradford and loses puck.
13:02 of 2nd period - Snap shot by Maxime Sauvé.
13:02 of 2nd period - Stopped by Curtis McElhinney without a rebound.
13:03 of 2nd period - Maxime Sauvé wins face-off versus Marc-André Cliche in Atomiques zone.
13:06 of 2nd period - Slapshot by Ville Koistinen.
13:06 of 2nd period - Stopped by Curtis McElhinney without a rebound.
13:07 of 2nd period - Jarret Stoll wins face-off versus Alexandre Bolduc in Atomiques zone.
13:18 of 2nd period - Backhand shot by Alexandre Daigle.
13:18 of 2nd period - Shot Misses the Net.
13:45 of 2nd period - Minor Penalty to Richard Panik for Hooking.
13:46 of 2nd period - Igor Radulov wins face-off versus Jarret Stoll in Gangsters zone.
15:35 of 2nd period - Davis Drewiske is hit by Ville Koistinen.
15:45 of 2nd period - Penalty to Richard Panik is over, Richard Panik is back on ice.
15:55 of 2nd period - Slapshot by Shaun Heska.
15:55 of 2nd period - Shot Misses the Net.
16:23 of 2nd period - Ryan Keller is hit by Casey Borer and loses puck.
16:51 of 2nd period - Tyler Brenner is hit by Brock Bradford and loses puck.
17:06 of 2nd period - Casey Borer is hit by Ville Koistinen and loses puck.
17:57 of 2nd period - Wrist shot by Brock Bradford.
17:57 of 2nd period - Stopped by Curtis McElhinney with a rebound.
19:39 of 2nd period - Slapshot by Ryan Keller.
19:39 of 2nd period - Stopped by Curtis McElhinney without a rebound.
19:40 of 2nd period - Logan Couture wins face-off versus Brock Bradford in Atomiques zone.
Goals for this period are 3 for Gangsters vs 3 for Atomiques.
Shots for this period are 16 for Gangsters vs 13 for Atomiques.
3rd period
0:01 of 3rd period - Alexandre Bolduc wins face-off versus Linus Omark in neutral zone.
0:10 of 3rd period - Slapshot by Alexandre Bolduc.
0:10 of 3rd period - Shot Misses the Net.
0:12 of 3rd period - Snap shot by Igor Radulov.
0:12 of 3rd period - Stopped by Curtis McElhinney with a rebound.
0:26 of 3rd period - John Carlson is hit by Ville Koistinen and loses puck.
0:31 of 3rd period - Snap shot by Chris Bourque.
0:31 of 3rd period - Stopped by Curtis McElhinney with a rebound.
0:33 of 3rd period - Slapshot by Chris Bourque.
0:33 of 3rd period - Stopped by Curtis McElhinney with a rebound.
0:35 of 3rd period - Snap shot by Colten Teubert.
0:35 of 3rd period - Shot Misses the Net.
0:37 of 3rd period - Slapshot by Shaun Heska.
0:37 of 3rd period - Stopped by Curtis McElhinney without a rebound.
0:38 of 3rd period - Logan Couture wins face-off versus Alexandre Bolduc in Atomiques zone.
0:43 of 3rd period - Slapshot by Clayton Stoner.
0:43 of 3rd period - Shot Blocked by Jakob Silfverberg.
0:45 of 3rd period - Slapshot by Davis Drewiske.
0:45 of 3rd period - Stopped by David LeNeveu without a rebound.
0:46 of 3rd period - Logan Couture wins face-off versus Alexandre Bolduc in Gangsters zone.
0:51 of 3rd period - Snap shot by John Zeiler.
0:51 of 3rd period - Shot Misses the Net.
0:53 of 3rd period - Slapshot by John Zeiler.
0:53 of 3rd period - Shot Misses the Net.
1:13 of 3rd period - Snap shot by Tyler Brenner.
1:13 of 3rd period - Stopped by David LeNeveu with a rebound.
1:15 of 3rd period - Slapshot by Clayton Stoner.
1:15 of 3rd period - Stopped by David LeNeveu with a rebound.
1:17 of 3rd period - Snap shot by Ryan Shannon.
1:17 of 3rd period - Shot Misses the Net.
1:19 of 3rd period - Slapshot by Davis Drewiske.
1:19 of 3rd period - Deflect By Kenndal McArdle.
1:19 of 3rd period - Stopped by David LeNeveu with a rebound.
1:35 of 3rd period - Slapshot by Marc-André Cliche.
1:35 of 3rd period - Stopped by David LeNeveu with a rebound.
1:37 of 3rd period - Snap shot by Marc-André Cliche.
1:37 of 3rd period - Goal by Marc-André Cliche - Gangsters : 4 - Atomiques : 4.
1:38 of 3rd period - Artem Anisimov wins face-off versus Jarret Stoll in neutral zone.
1:40 of 3rd period - Major Penalty to Artem Anisimov for Checking from behind.
1:41 of 3rd period - Jarret Stoll wins face-off versus Igor Radulov in Gangsters zone.
1:41 of 3rd period - Snap shot by Alexandre Daigle.
1:41 of 3rd period - Goal by Alexandre Daigle - Gangsters : 4 - Atomiques : 5.
1:42 of 3rd period - Jarret Stoll wins face-off versus Igor Radulov in neutral zone.
1:47 of 3rd period - Snap shot by John Carlson.
1:47 of 3rd period - Shot Blocked by Bryan Young.
1:49 of 3rd period - Snap shot by Victor Hedman.
1:49 of 3rd period - Goal by Victor Hedman - Gangsters : 4 - Atomiques : 6.
1:50 of 3rd period - Jarret Stoll wins face-off versus Igor Radulov in neutral zone.
2:01 of 3rd period - Slapshot by Alexandre Daigle.
2:01 of 3rd period - Shot Misses the Net.
2:03 of 3rd period - Snap shot by Jarret Stoll.
2:03 of 3rd period - Stopped by David LeNeveu with a rebound.
2:21 of 3rd period - Bryan Young is hit by Andrew Kozek and loses puck.
3:09 of 3rd period - Icing by Victor Hedman.
3:10 of 3rd period - Jarret Stoll wins face-off versus Jakob Silfverberg in Atomiques zone.
3:58 of 3rd period - Brock Bradford is hit by Logan Couture and loses puck.
6:06 of 3rd period - Casey Borer is hit by Shaun Heska and loses puck.
6:29 of 3rd period - Igor Radulov is hit by Logan Couture and loses puck.
6:40 of 3rd period - Penalty to Artem Anisimov is over, Artem Anisimov is back on ice.
6:51 of 3rd period - Snap shot by Maxime Sauvé.
6:51 of 3rd period - Shot Misses the Net.
7:09 of 3rd period - Snap shot by Tyler Brenner.
7:09 of 3rd period - Shot Blocked by Brock Bradford.
7:19 of 3rd period - Brock Bradford is hit by Victor Hedman and loses puck.
7:29 of 3rd period - Off-side.
7:30 of 3rd period - Alexandre Bolduc wins face-off versus Marc-André Cliche in neutral zone.
8:08 of 3rd period - Slapshot by Ryan Shannon.
8:08 of 3rd period - Stopped by David LeNeveu with a rebound.
8:10 of 3rd period - Wrist shot by Tyler Brenner.
8:10 of 3rd period - Stopped by David LeNeveu with a rebound.
8:12 of 3rd period - Snap shot by Tyler Brenner.
8:12 of 3rd period - Stopped by David LeNeveu without a rebound.
8:13 of 3rd period - Logan Couture wins face-off versus Artem Anisimov in Gangsters zone.
8:14 of 3rd period - Wrist shot by John Zeiler.
8:14 of 3rd period - Stopped by David LeNeveu without a rebound.
8:15 of 3rd period - Igor Radulov wins face-off versus Logan Couture in Gangsters zone.
8:15 of 3rd period - Igor Radulov is hit by John Zeiler.
8:21 of 3rd period - Wrist shot by Jakob Silfverberg.
8:21 of 3rd period - Shot Misses the Net.
8:23 of 3rd period - Slapshot by Colten Teubert.
8:23 of 3rd period - Stopped by Curtis McElhinney without a rebound.
8:24 of 3rd period - Jarret Stoll wins face-off versus Alexandre Bolduc in Atomiques zone.
8:26 of 3rd period - Minor Penalty to John Carlson for Hooking.
8:27 of 3rd period - Alexandre Daigle wins face-off versus Alexandre Bolduc in Atomiques zone.
8:27 of 3rd period - Alexandre Daigle is hit by Bryan Young.
8:40 of 3rd period - Snap shot by Alexandre Daigle.
8:40 of 3rd period - Stopped by David LeNeveu with a rebound.
8:42 of 3rd period - Slapshot by Alexandre Daigle.
8:42 of 3rd period - Shot Blocked by Ville Koistinen.
9:03 of 3rd period - Wrist shot by Jaroslav Balastik.
9:03 of 3rd period - Shot Misses the Net.
9:13 of 3rd period - Colten Teubert is hit by John Zeiler.
9:47 of 3rd period - Slapshot by Davis Drewiske.
9:47 of 3rd period - Deflect By Andrew Kozek.
9:47 of 3rd period - Stopped by David LeNeveu with a rebound.
9:55 of 3rd period - Andrew Kozek is hit by Shaun Heska and loses puck.
10:26 of 3rd period - Penalty to John Carlson is over, John Carlson is back on ice.
11:35 of 3rd period - Snap shot by Jarret Stoll.
11:35 of 3rd period - Shot Misses the Net.
11:45 of 3rd period - Kenndal McArdle is hit by Ryan Keller.
11:55 of 3rd period - Slapshot by Victor Hedman.
11:55 of 3rd period - Stopped by David LeNeveu with a rebound.
11:57 of 3rd period - Wrist shot by John McCarthy.
11:57 of 3rd period - Stopped by David LeNeveu with a rebound.
11:59 of 3rd period - Wrist shot by John McCarthy.
11:59 of 3rd period - Deflect By Nick Johnson.
11:59 of 3rd period - Stopped by David LeNeveu with a rebound.
12:01 of 3rd period - Slapshot by Clayton Stoner.
12:01 of 3rd period - Stopped by David LeNeveu with a rebound.
12:21 of 3rd period - Wrist shot by Alexandre Daigle.
12:21 of 3rd period - Stopped by David LeNeveu with a rebound.
12:43 of 3rd period - John Carlson is hit by Igor Radulov and loses puck.
14:06 of 3rd period - Slapshot by Shaun Heska.
14:06 of 3rd period - Deflect By Marc-André Cliche.
14:06 of 3rd period - Stopped by Curtis McElhinney without a rebound.
14:07 of 3rd period - Marc-André Cliche wins face-off versus Alexandre Bolduc in Atomiques zone.
14:30 of 3rd period - Scott Jackson is hit by Brock Bradford and loses puck.
15:22 of 3rd period - Snap shot by Alexandre Bolduc.
15:22 of 3rd period - Stopped by Curtis McElhinney with a rebound.
15:28 of 3rd period - Minor Penalty to John Carlson for Roughing.
15:29 of 3rd period - Alexandre Bolduc wins face-off versus Jarret Stoll in Atomiques zone.
16:38 of 3rd period - Richard Panik is hit by Andrew Kozek and loses puck.
17:28 of 3rd period - Penalty to John Carlson is over, John Carlson is back on ice.
17:40 of 3rd period - Wrist shot by John Carlson.
17:40 of 3rd period - Deflect By Linus Omark.
17:40 of 3rd period - Shot Misses the Net.
17:40 of 3rd period - Puck is out of play.
17:41 of 3rd period - Tyler Brenner wins face-off versus Maxime Sauvé in Gangsters zone.
17:52 of 3rd period - Wrist shot by Dave Dziurzynski.
17:52 of 3rd period - Shot Blocked by Tyler Brenner.
17:54 of 3rd period - Snap shot by Maxime Sauvé.
17:54 of 3rd period - Shot Misses the Net.
17:56 of 3rd period - Wrist shot by Maxime Sauvé.
17:56 of 3rd period - Shot Hit the Post.
17:58 of 3rd period - Wrist shot by Ryan Keller.
17:58 of 3rd period - Shot Misses the Net.
18:04 of 3rd period - Slapshot by Maxime Sauvé.
18:04 of 3rd period - Stopped by Curtis McElhinney without a rebound.
18:05 of 3rd period - Brock Bradford wins face-off versus Jarret Stoll in Atomiques zone.
18:06 of 3rd period - Wrist shot by Chris Bourque.
18:06 of 3rd period - Stopped by Curtis McElhinney with a rebound.
18:36 of 3rd period - Wrist shot by Logan Couture.
18:36 of 3rd period - Shot Misses the Net.
19:26 of 3rd period - Slapshot by Brock Bradford.
19:26 of 3rd period - Stopped by Curtis McElhinney with a rebound.
19:28 of 3rd period - Snap shot by Chris Bourque.
19:28 of 3rd period - Shot Misses the Net.
19:34 of 3rd period - Snap shot by Mikko Lehtonen.
19:34 of 3rd period - Shot Misses the Net.
19:36 of 3rd period - Snap shot by Chris Bourque.
19:36 of 3rd period - Stopped by Curtis McElhinney without a rebound.
19:37 of 3rd period - Marc-André Cliche wins face-off versus Richard Panik in Atomiques zone.
19:37 of 3rd period - Marc-André Cliche is hit by Jaroslav Balastik.
Goals for this period are 0 for Gangsters vs 3 for Atomiques.
Shots for this period are 11 for Gangsters vs 20 for Atomiques.
Output by the SimonT Hockey Simulator (STHS) for François Prévost -- Original Page W3C XHTML 1.0 Valid